 Dungeon Crawl Stone Soup version 0.31-a0-152-g6aa68a64a1 (webtiles) character file.

Game seed: 1422229912588329690

2788 qw the Cleaver (level 9, -9/55 HPs)
             Began as a Gargoyle Fighter on June 10, 2023.
             Was a Follower of Okawaru.
             Mangled by a two-headed ogre
             ... wielding a +0 giant club
              (15 damage)
             ... on level 8 of the Dungeon.
             The game lasted 00:03:31 (6552 turns).

qw the Cleaver (Gargoyle Fighter)                   Turns: 6552, Time: 00:03:31

Health: -9/55      AC: 32    Str: 25    XL:     9   Next: 71%
Magic:  11/11      EV:  9    Int:  8    God:    Okawaru [*.....]
Gold:   203        SH:  4    Dex:  9    Spells: 8/8 levels left

rFire   . . .        Y - +1 war axe (freeze)
rCold   . . .        c - +0 buckler
rNeg    + . .        n - +2 crystal plate armour
rPois   inf          (no helmet)
rElec   +            m - +0 cloak
rCorr   .            (no gloves)
SInv    .            (no boots)
Will    .....        (no amulet) Stlth
                     e - +5 ring of evasion
HPRegen 0.29/turn    q - +4 ring of protection
MPRegen 0.12/turn

%: no passive effects
@: about to teleport
A: sickness immunity, AC +6, negative energy resistance 1, electricity
resistance, torment resistance 1, petrification resistance
a: Renounce Religion, Heroism


You were on level 8 of the Dungeon.
You worshipped Okawaru.
Okawaru was aware of your devotion.
You visited 2 branches of the dungeon, and saw 9 of its levels.

You collected 426 gold pieces.
You spent 223 gold pieces at shops.


Innate Abilities, Weirdness & Mutations

You are immune to sickness and miasma.
Your stone body is resilient. (AC +6)
You are immune to poison.
You resist negative energy. (rN+)
You are resistant to electric shocks. (rElec)
You are resistant to unholy torment.
You are immune to petrification.


   Skills:
 + Level 6.1 Fighting
 - Level 9.0 Axes
 - Level 2.0 Throwing
 - Level 7.1 Armour
 - Level 1.0 Dodging
 - Level 4.1 Shields
 - Level 2.9 Invocations


You had 8 spell levels left.
You didn't know any spells.
Your spell library was empty.

Inventory:

Hand Weapons
 p - a +0 morningstar
 Y - a +1 war axe of freezing (weapon)
Missiles
 j - 3 javelins (quivered)
 k - a boomerang
Armour
 c - a +0 buckler (worn)
 m - a +0 cloak (worn)
 n - a +2 crystal plate armour (worn)
Jewellery
 e - a +5 ring of evasion (left hand)
 q - a +4 ring of protection (right hand)
Scrolls
 b - a scroll of teleportation
 l - a scroll of identify
Potions
 a - a potion of enlightenment {unknown}
 d - 4 potions of might
 f - 2 potions of lignification
 g - 3 potions of haste
 h - a potion of resistance {unknown}
 i - a potion of mutation {unknown}

Dungeon Overview and Level Annotations

Branches:
Dungeon (8/15)             Temple (1/1) D:6
   Lair: D:8-11

Altars:
Ashenzari
Cheibriados
Dithmenos
Elyvilon
Gozag
Hepliaklqana
Kikubaaqudgha
Makhleb
Nemelex Xobeh
Okawaru
Qazlal
Ru
Sif Muna
Trog
Uskayaw
Vehumet
Wu Jian
Xom
Yredelemnul
Zin
The Shining One

Shops:
D:5 [   D:7 *

Annotations:
D:7 exclusion: ice statue


Message History

You closely miss the centaur.
The centaur closely misses you. x2; The centaur zaps a wand.
The puff of flame hits you but does no damage.
You barely miss the two-headed ogre.
The two-headed ogre is moderately wounded.
You slash the centaur! You freeze the centaur.
The two-headed ogre hits you with a +0 giant club.
You block the two-headed ogre's attack.
The centaur hits you but does no damage.
The centaur kicks you but does no damage.
The centaur hits you but does no damage.
The centaur kicks you but does no damage.
You barely miss the centaur.
The centaur is severely wounded.
You barely miss the two-headed ogre.
The centaur hits you but does no damage.
The centaur kicks you.
The two-headed ogre hits you with a +0 giant club!
The two-headed ogre hits you but does no damage.
You hit the centaur. You freeze the centaur.
The centaur is almost dead.
You barely miss the two-headed ogre.
The centaur zaps a wand.
The puff of flame hits you but does no damage.
The centaur hits you but does no damage.
The centaur kicks you but does no damage.
The two-headed ogre hits you with a +0 giant club.
The two-headed ogre hits you with a +0 giant club!
6551 ||| READING 2 scrolls of teleportation.
As you read the scroll of teleportation, it crumbles to dust.
You feel strangely unstable.
The centaur zaps a wand.
The puff of flame hits you but does no damage.
You slash the centaur! You freeze the centaur.
You kill the centaur!
Okawaru accepts your kill.
You can now gain great but temporary skills.
You hit the two-headed ogre. You freeze the two-headed ogre.
The two-headed ogre hits you with a +0 giant club!
You die...

#.
##......##........
#..........###...
##. ....####..###
#. ...
###.......## # ...
##.#####.## .# ##
#..# ..# ##.##..##
#..O....#
###.@)..#..#
#...#....#
.......####.....
......# ....# #
.###.. ...# .# ##.
.... ... # . ..#
.#


You could see a two-headed ogre.

Vanquished Creatures
  Eustachio (D:4)
  3 steam dragons
  2 water moccasins (D:6)
  An ice beast (D:7)
  A sky beast (D:7)
  2 ogres
  A black bear (D:4)
  A centaur (D:8)
  A phantom (D:5)
  A kobold brigand (D:7)
  4 bullfrogs
  A scorpion (D:5)
  5 wights (D:7)
  4 hounds
  4 orc priests
  A gnoll bouda (D:7)
  3 jellies
  A sleepcap (D:6)
  Natasha (twice) (D:2)
  4 iguanas
  4 orc wizards
  7 gnolls
  7 adders
  2 white imps
  An ufetubus (D:6)
  2 worms
  5 dart slugs
  22 orcs
  4 bats
  4 endoplasms
  3 giant cockroaches
  9 goblins
  5 hobgoblins
  A jackal (D:3)
  13 kobolds
  5 quokkas
  4 ball pythons
  5 frilled lizards
  6 rats
152 creatures vanquished.

Notes
Turn   | Place    | Note
-------+----------+-------------------------------------------
     0 | D:1      | qw the Gargoyle Fighter began the quest for the Orb.
     0 | D:1      | Reached XP level 1. HP: 14/14 MP: 1/1
     0 | D:1      | 0 ||| qw: Version: 0.2-a-29-g0080da8
     0 | D:1      | 0 ||| qw: Game counter: 3850
     0 | D:1      | 0 ||| qw: Always use a shield: true
     0 | D:1      | 0 ||| qw: God list: Okawaru
     0 | D:1      | 0 ||| qw: Allow faded altars: false
     0 | D:1      | 0 ||| qw: Do Orc after D:15 true
     0 | D:1      | 0 ||| qw: Do second Lair branch before Depths: true
     0 | D:1      | 0 ||| qw: Lair rune preference: random
     0 | D:1      | 0 ||| qw: Plans: Normal, Zot:1-4, Slime:5, God:TSO, Crypt,
                  | Tomb, Abyss, Pan, Hells, Win
     0 | D:1      | 0 ||| PLANNING D:1-11
    48 | D:1      | Reached skill level 2 in Axes
    94 | D:1      | 94 ||| Stepping ~*~*~tactically~*~*~ (hiding).
   108 | D:1      | Reached XP level 2. HP: 19/19 MP: 2/2
   118 | D:1      | 118 ||| Stepping ~*~*~tactically~*~*~ (stealth).
   175 | D:1      | 175 ||| Stepping ~*~*~tactically~*~*~ (hiding).
   178 | D:1      | 178 ||| Stepping ~*~*~tactically~*~*~ (hiding).
   179 | D:1      | 179 ||| Stepping ~*~*~tactically~*~*~ (hiding).
   334 | D:1      | 334 ||| Stepping ~*~*~tactically~*~*~ (stealth).
   340 | D:1      | Reached skill level 3 in Axes
   419 | D:1      | Reached XP level 3. HP: 23/23 MP: 3/3
   664 | D:1      | 664 ||| UPGRADING to +0 ring mail of cold resistance.
   674 | D:1      | 674 ||| READING scroll labelled GOEJOL LAE.
   825 | D:2      | 825 ||| Stepping ~*~*~tactically~*~*~ (stealth).
   855 | D:2      | 855 ||| DROPPING +0 club.
   895 | D:2      | 895 ||| Stepping ~*~*~tactically~*~*~ (hiding).
   896 | D:2      | 896 ||| Stepping ~*~*~tactically~*~*~ (hiding).
   897 | D:2      | 897 ||| Stepping ~*~*~tactically~*~*~ (hiding).
   962 | D:2      | Noticed Natasha
   963 | D:2      | 963 ||| FLEEEEING.
   964 | D:2      | 964 ||| FLEEEEING.
   965 | D:2      | 965 ||| FLEEEEING.
   966 | D:2      | 966 ||| FLEEEEING.
   967 | D:2      | 967 ||| FLEEEEING.
   968 | D:2      | 968 ||| FLEEEEING.
   969 | D:2      | 969 ||| FLEEEEING.
   970 | D:2      | 970 ||| FLEEEEING.
   971 | D:2      | 971 ||| FLEEEEING.
   972 | D:2      | 972 ||| FLEEEEING.
   979 | D:2      | 979 ||| FLEEEEING.
   980 | D:2      | 980 ||| FLEEEEING.
   981 | D:2      | 981 ||| FLEEEEING.
   982 | D:2      | 982 ||| FLEEEEING.
   983 | D:2      | 983 ||| FLEEEEING.
   984 | D:2      | 984 ||| FLEEEEING.
   985 | D:2      | 985 ||| FLEEEEING.
   986 | D:2      | 986 ||| FLEEEEING.
   987 | D:2      | 987 ||| STAIRDANCE
  1032 | D:1      | 1032 ||| DRINKING 3 black potions.
  1036 | D:2      | 1036 ||| Stepping ~*~*~tactically~*~*~ (hiding).
  1050 | D:2      | Killed Natasha
  1051 | D:2      | Reached skill level 4 in Axes
  1051 | D:2      | Reached XP level 4. HP: 28/28 MP: 4/4
  1152 | D:2      | 1152 ||| DROPPING +0 scale mail.
  1153 | D:2      | 1153 ||| UPGRADING to +0 chain mail.
  1163 | D:2      | 1163 ||| READING scroll labelled VOP QOSCHOA.
  1164 | D:2      | 1164 ||| READING scroll labelled DAIJYRO OFADA.
  1178 | D:2      | Noticed Natasha
  1180 | D:2      | 1180 ||| FLEEEEING.
  1181 | D:2      | 1181 ||| FLEEEEING.
  1190 | D:2      | Killed Natasha
  1275 | D:3      | 1275 ||| DROPPING +0 whip.
  1430 | D:3      | 1430 ||| Stepping ~*~*~tactically~*~*~ (hiding).
  1616 | D:3      | Reached XP level 5. HP: 32/32 MP: 5/5
  1937 | D:3      | 1937 ||| Stepping ~*~*~tactically~*~*~ (hiding).
  2120 | D:3      | Reached skill level 5 in Axes
  2177 | D:3      | 2177 ||| DROPPING +0 ring mail of cold resistance.
  2178 | D:3      | 2178 ||| UPGRADING to +0 cloak.
  2183 | D:3      | 2183 ||| UPGRADING to +0 crystal plate armour.
  2193 | D:3      | 2193 ||| DROPPING +0 chain mail.
  2194 | D:3      | 2194 ||| READING scroll labelled RINOHUTWIR.
  2195 | D:3      | 2195 ||| READING scroll labelled PAIRUU LAKED.
  2196 | D:3      | 2196 ||| READING scroll labelled ZEHITI LIVEOL.
  2197 | D:3      | 2197 ||| READING scroll labelled QUJEALA NAEGOI.
  2249 | D:4      | Noticed a black bear
  2254 | D:4      | 2254 ||| Stepping ~*~*~tactically~*~*~ (stealth).
  2262 | D:4      | Killed a black bear
  2263 | D:4      | Reached XP level 6. HP: 23/37 MP: 6/6
  2267 | D:4      | 2267 ||| FLEEEEING.
  2268 | D:4      | 2268 ||| STAIRDANCE
  2321 | D:4      | 2321 ||| STAIRDANCE
  2386 | D:4      | 2386 ||| STAIRDANCE
  2471 | D:4      | 2471 ||| Stepping ~*~*~tactically~*~*~ (stealth).
  2641 | D:4      | Noticed Eustachio
  2649 | D:4      | 2649 ||| FLEEEEING.
  2650 | D:4      | 2650 ||| FLEEEEING.
  2651 | D:4      | 2651 ||| FLEEEEING.
  2663 | D:4      | Killed Eustachio
  2664 | D:4      | Reached XP level 7. HP: 40/43 MP: 7/7
  2840 | D:4      | 2840 ||| Stepping ~*~*~tactically~*~*~ (hiding).
  2842 | D:4      | 2842 ||| Stepping ~*~*~tactically~*~*~ (hiding).
  2853 | D:4      | Reached skill level 6 in Axes
  2919 | D:4      | 2919 ||| DROPPING +0 mace.
  3004 | D:4      | 3004 ||| Stepping ~*~*~tactically~*~*~ (stealth).
  3041 | D:4      | 3041 ||| Stepping ~*~*~tactically~*~*~ (hiding).
  3043 | D:4      | 3043 ||| Stepping ~*~*~tactically~*~*~ (hiding).
  3258 | D:4      | 3258 ||| READING scroll labelled OMULEIPEOR.
  3259 | D:4      | 3259 ||| READING scroll labelled TAICYZONGO.
  3260 | D:4      | 3260 ||| READING scroll labelled ETSUIQ BADUIF.
  3263 | D:4      | 3263 ||| DRINKING 2 orange potions.
  3264 | D:4      | 3264 ||| DRINKING 2 coppery potions.
  3265 | D:4      | 3265 ||| DROPPING potion of invisibility.
  3273 | D:5      | Entered Level 5 of the Dungeon
  3633 | D:5      | Found Oshets's Antique Armour Boutique.
  3652 | D:5      | 3652 ||| BUYING glowing cloak (187 gold).
  3652 | D:5      | Bought a glowing cloak for 187 gold pieces
  3652 | D:5      | 3652 ||| SHOPLISTING shimmering plate armour (700 gold,
                  | have 103).
  3652 | D:5      | 3652 ||| SHOPLISTING shiny plate armour (650 gold, have
                  | 103).
  3678 | D:5      | HP: 5/43 [ogre/+0 giant club (12)]
  3679 | D:5      | 3679 ||| DRINKING potion of heal wounds.
  3682 | D:5      | Reached skill level 7 in Axes
  3682 | D:5      | Reached XP level 8. HP: 27/48 MP: 8/8
  4120 | D:5      | 4120 ||| DROPPING +0 cloak of poison resistance.
  4121 | D:5      | 4121 ||| UPGRADING to +5 ring of evasion.
  4122 | D:5      | 4122 ||| UPGRADING to +4 ring of protection.
  4123 | D:5      | 4123 ||| READING scroll labelled LIFAYT KEMI.
  4124 | D:5      | 4124 ||| READING scroll labelled LIYFUC TA YBBA.
  4480 | D:6      | Reached skill level 6 in Armour
  4493 | D:6      | Reached skill level 1 in Throwing
  4542 | D:6      | Found a staircase to the Ecumenical Temple.
  4543 | D:6      | 4543 ||| PLANNING TEMPLE
  4543 | D:6      | 4543 ||| DRINKING 3 green potions.
  4648 | D:6      | 4648 ||| DROPPING 2 potions of berserk rage.
  4651 | D:6      | 4651 ||| Stepping ~*~*~tactically~*~*~ (hiding).
  4652 | D:6      | 4652 ||| Stepping ~*~*~tactically~*~*~ (hiding).
  4766 | Temple   | Entered the Ecumenical Temple
  4848 | Temple   | 4848 ||| PLANNING OKAWARU WORSHIP
  4947 | Temple   | Became a worshipper of Warmaster Okawaru
  4947 | Temple   | 4947 ||| PLANNING D:1-11
  5307 | D:7      | Found Biddu's General Store.
  5310 | D:7      | 5310 ||| Stepping ~*~*~tactically~*~*~ (stealth).
  5314 | D:7      | 5314 ||| Stepping ~*~*~tactically~*~*~ (stealth).
  5352 | D:7      | Reached skill level 8 in Axes
  5355 | D:7      | 5355 ||| FLEEEEING.
  5494 | D:7      | Reached XP level 9. HP: 43/55 MP: 9/9
  5495 | D:7      | Reached skill level 1 in Dodging
  5497 | D:7      | Reached skill level 6 in Fighting
  5500 | D:7      | Reached * piety under Okawaru
  5578 | D:7      | 5578 ||| READING scroll of enchant armour.
  5578 | D:7      | 5578 ||| ENCHANTING +0 crystal plate armour.
  5590 | D:7      | 5590 ||| BUYING potion of lignification (36 gold).
  5590 | D:7      | Bought a potion of lignification for 36 gold pieces
  5629 | D:7      | 5629 ||| INVOKING Heroism.
  5656 | D:7      | 5656 ||| Stepping ~*~*~tactically~*~*~ (hiding).
  5658 | D:7      | 5658 ||| Stepping ~*~*~tactically~*~*~ (hiding).
  5659 | D:7      | 5659 ||| Stepping ~*~*~tactically~*~*~ (hiding).
  5660 | D:7      | 5660 ||| Stepping ~*~*~tactically~*~*~ (hiding).
  5735 | D:7      | 5735 ||| Stepping ~*~*~tactically~*~*~ (cloud).
  5742 | D:7      | 5742 ||| Stepping ~*~*~tactically~*~*~ (cloud).
  5810 | D:7      | Found an opulent altar of Gozag.
  5822 | D:7      | Reached skill level 1 in Invocations
  5896 | D:7      | 5896 ||| DROPPING ring of flight.
  5907 | D:7      | 5907 ||| INVOKING Heroism.
  5952 | D:7      | 5952 ||| READING scroll of enchant armour.
  5952 | D:7      | 5952 ||| ENCHANTING +1 crystal plate armour.
  5969 | D:6      | Found a shadowy altar of Dithmenos.
  6052 | D:7      | 6052 ||| Stepping ~*~*~tactically~*~*~ (hiding).
  6054 | D:7      | 6054 ||| Stepping ~*~*~tactically~*~*~ (hiding).
  6055 | D:7      | 6055 ||| Stepping ~*~*~tactically~*~*~ (hiding).
  6066 | D:7      | Reached skill level 9 in Axes
  6175 | D:7      | Noticed an ice statue
  6176 | D:7      | 6176 ||| INVOKING Heroism.
  6187 | D:7      | 6187 ||| Stepping ~*~*~tactically~*~*~ (cloud).
  6201 | D:7      | 6201 ||| INVOKING Heroism.
  6396 | D:8      | Found an ornate altar of the Wu Jian Council.
  6438 | D:8      | 6438 ||| Stepping ~*~*~tactically~*~*~ (hiding).
  6443 | D:8      | 6443 ||| INVOKING Heroism.
  6490 | D:8      | 6490 ||| INVOKING Heroism.
  6523 | D:8      | 6523 ||| DROPPING +2 flail of protection.
  6539 | D:8      | Noticed a two-headed ogre
  6540 | D:8      | 6540 ||| Stepping ~*~*~tactically~*~*~ (hiding).
  6542 | D:8      | 6542 ||| Stepping ~*~*~tactically~*~*~ (hiding).
  6550 | D:8      | HP: 5/55 [two-headed ogre/+0 giant club (15)]
  6551 | D:8      | 6551 ||| READING 2 scrolls of teleportation.
  6552 | D:8      | Mangled by a two-headed ogre

Levels and vault maps discovered:
D:1:      sevenhm_arrival_forest_fort_large_2, layout_basic
D:2:      layout_basic, uniq_natasha
D:3:      minmay_chambers_of_threes, layout_basic
D:4:      layout_loops_ring, uniq_eustachio
D:5:      layout_basic, serial_shops, shop_fountains
D:6:      layout_loops_ring, nicolae_overflow_hidden_temple,
          minmay_temple_entry_waves
D:7:      lemuel_ice_statue, layout_rooms, grunt_gozag_statues, serial_shops,
          nicolae_shop_hallway_stairs
D:8:      layout_layer_cave, lemuel_crystal_altar, uniq_joseph, uniq_amaemon
Temple:   nicolae_temple_bog_church

Skill      XL: |  1  2  3  4  5  6  7  8  9 |
---------------+----------------------------+-----
Axes           | 2 3 4 5 7 8 9 |  9.0
Armour         | 4 5 6 7 |  7.1
Fighting       | 4 5 6 |  6.1
Throwing       | 2 |  2.0
Dodging        | 1 |  1.0
Invocations    | 2 |  2.9
Shields        | 4 |  4.1

Action                     |  1- 3 |  4- 6 |  7- 9 || total
---------------------------+-------+-------+-------++-------
  Melee: War axe           |   109 |   156 |   290 ||   555
  Throw: Javelin           |       |       |     1 ||     1
 Invoke: Heroism           |       |       |     6 ||     6
    Use: Scroll            |     1 |     6 |     8 ||    15
         Potion            |     1 |       |     4 ||     5
 Armour: Scale mail        |    29 |       |       ||    29
         Ring mail         |    23 |     2 |       ||    25
         Chain mail        |       |    55 |       ||    55
         Crystal plate arm |       |    74 |   253 ||   327
  Dodge: Dodged            |    40 |    38 |   102 ||   180
  Block: Buckler           |    18 |    26 |    61 ||   105

Table legend:
 A = Non-vault XP
 B = Vault XP
 C = Vault XP percentage of total XP
 D = Non-vault monster count
 E = Vault monster count
 F = Vault count percentage of total count
                 A         B        C        D         E       F
            +---------+---------+-------+---------+---------+-------
      Total |    3804 |     294 |   7.2 |     138 |      14 |   9.2
            +---------+---------+-------+---------+---------+-------
        D:1 |      36 |       0 |   0.0 |      19 |       0 |   0.0
        D:2 |      80 |      35 |  30.4 |      17 |       1 |   5.6
        D:3 |      88 |      56 |  38.9 |      16 |      12 |  42.9
        D:4 |     240 |     203 |  45.8 |      15 |       1 |   6.2
        D:5 |     671 |       0 |   0.0 |      23 |       0 |   0.0
        D:6 |     633 |       0 |   0.0 |      10 |       0 |   0.0
        D:7 |    1712 |       0 |   0.0 |      35 |       0 |   0.0
        D:8 |     344 |       0 |   0.0 |       3 |       0 |   0.0
            +---------+---------+-------+---------+---------+-------
